 Dungeon Crawl Stone Soup version 0.19-a0-1317-ge66d2b0 (webtiles) character file.

608 Ellandar the Slasher (level 7, -1/91 HPs)
             Began as a Minotaur Fighter on Aug 31, 2016.
             Slain by a slave (2 damage)
             ... led by Pikel
             ... on level 4 of the Dungeon.
             The game lasted 00:05:07 (2056 turns).

Ellandar the Slasher (Minotaur Fighter)             Turns: 2056, Time: 00:05:08

Health: -1/91      AC: 23    Str: 21    XL:     7   Next: 19%
Magic:  6/6        EV:  2    Int:  5    God:
Gold:   150        SH: 10    Dex: 11    Spells: 0 memorised, 6 levels left

rFire  . . .     SeeInvis .     a - +0 long sword
rCold  . . .     Gourm    .     (armour currently unavailable)
rNeg   + + +     Faith    .     c - +0 shield
rPois  +         Spirit   .     (helmet currently unavailable)
rElec  .         Dismiss  .     (cloak currently unavailable)
rCorr  .         Reflect  .     (gloves currently unavailable)
MR     .....     Harm     .     (boots currently unavailable)
Stlth  +......... NoTele   +    (no amulet)
                                (no ring)
                                p - +2 ring of slaying

@: tree-form
A: (retaliatory headbutt), (horns 0)
a: no special abilities


You were on level 4 of the Dungeon.
You were not hungry.
You were a tree.
You visited 1 branch of the dungeon, and saw 4 of its levels.

You collected 150 gold pieces.

Inventory:

Hand Weapons
 a - a +0 long sword (weapon)
Armour
 b - a +0 scale mail (melded)
 c - a +0 shield (worn)
Jewellery
 k - an uncursed ring of fire {unknown}
 p - a +2 ring of slaying (left branch)
Wands
 u - a wand of polymorph (8/24)
Scrolls
 e - 6 scrolls of remove curse {unknown}
 h - a scroll of amnesia {unknown}
 i - 2 scrolls of teleportation {unknown}
 j - 2 scrolls of identify {unknown}
 l - a scroll of fog {unknown}
 o - a scroll of noise {unknown}
 s - 2 scrolls of random uselessness {unknown}
 v - a scroll of immolation {unknown}
Potions
 d - a potion of might
 m - a potion of flight {unknown}
 n - a potion of curing {unknown}
 r - a potion of mutation {unknown}
 w - a potion of magic {unknown}
 x - a potion of degeneration {unknown}
 z - a potion of cancellation
Comestibles
 f - 2 bread rations
 g - a beef jerky
 q - 3 meat rations
 A - 3 chunks of flesh


   Skills:
 + Level 5.1 Fighting
 * Level 6.0 Long Blades
 + Level 4.9 Armour
 + Level 3.5 Dodging
 + Level 5.1 Shields


You had 6 spell levels left.
You didn't know any spells.

Dungeon Overview and Level Annotations

Branches:
Dungeon (4/15)
 Temple: D:4-7

Altars:

Annotations:
D:4 Pikel


Innate Abilities, Weirdness & Mutations

((You reflexively headbutt those who attack you in melee.))
((You have a pair of horns on your head.))


Message History

You hit Pikel but do no damage.
Pikel is almost dead.
You block the slave's attack. Pikel waves his whip at you.
You block Pikel's attack. You block the slave's attack.
The slave hits you but does no damage. The slave hits you.
* * * LOW HITPOINT WARNING * * *
You closely miss Pikel.
Pikel is almost dead.
Pikel hits you but does no damage. The slave barely misses you.
The slave hits you.
* * * LOW HITPOINT WARNING * * *
You block the slave's attack.
Unknown command.
You hit Pikel.
Pikel is almost dead.
You block Pikel's attack. The slave hits you.
* * * LOW HITPOINT WARNING * * *
The slave hits you.
You die...

##.. ... .. . #. .
######.#### .##
..........####..##
.......pp.........
.......♣K.........
≈≈.≈≈.≈p...[..≈.≈≈
≈≈≈≈≈≈≈.†.†.≈≈≈≈≈≈
≈≈≈≈≈≈≈≈..))≈≈≈≈≈≈
≈≈≈≈≈≈≈≈...)≈≈≈≈≈≈
##################'(#######
........#.......#.(..#
.......)).......#....#
........#########....##


You could see Pikel and 3 slaves.

Vanquished Creatures
  The ghost of Guenter the Ducker, an amateur KoGl (D:4)
  A phantom (D:4)
  A slave (D:4)
  An ogre (D:4)
  3 hounds
  Jessica (D:2)
  Robin (D:3)
  3 gnolls (D:3)
  7 adders
  2 worms
  3 dart slugs
  3 giant geckos
  3 orcs
  2 giant cockroaches
  28 goblins
  13 hobgoblins
  6 jackals
  4 bats
  6 kobolds
  A quokka skeleton (D:4)
  5 rats
95 creatures vanquished.

Notes
Turn   | Place    | Note
-------+----------+-------------------------------------------
     0 | D:1      | Ellandar the Minotaur Fighter began the quest for the Orb.
     0 | D:1      | Reached XP level 1. HP: 19/19 MP: 0/0
   209 | D:1      | Reached XP level 2. HP: 25/27 MP: 1/1
   264 | D:1      | Reached skill level 1 in Dodging
   397 | D:2      | Reached skill level 3 in Long Blades
   577 | D:2      | Reached XP level 3. HP: 29/33 MP: 2/2
   630 | D:2      | Noticed Jessica
   641 | D:2      | Killed Jessica
   641 | D:2      | Reached XP level 4. HP: 40/40 MP: 3/3
   852 | D:2      | Reached skill level 4 in Long Blades
  1129 | D:3      | Reached XP level 5. HP: 45/46 MP: 4/4
  1341 | D:3      | Noticed Robin
  1353 | D:3      | Killed Robin
  1597 | D:4      | Noticed an ogre
  1602 | D:4      | Killed an ogre
  1602 | D:4      | Reached skill level 5 in Long Blades
  1602 | D:4      | Reached XP level 6. HP: 53/53 MP: 5/5
  1702 | D:4      | Noticed Guenter's ghost (amateur KoGl)
  1710 | D:4      | Killed Guenter's ghost
  1732 | D:4      | Reached skill level 5 in Fighting
  1807 | D:4      | Reached XP level 7. HP: 43/61 MP: 6/6
  1858 | D:4      | Reached skill level 5 in Shields
  2026 | D:4      | Reached skill level 6 in Long Blades
  2039 | D:4      | Noticed Pikel
  2055 | D:4      | HP: 2/91 [slave[Pikel] (5)]
  2056 | D:4      | Slain by a slave

Vault maps used:
D:1:      lightli_arrival_isolated_outpost, minivault_23
D:2:      uniq_jessica
D:3:      uniq_robin
D:4:      minmay_goblin_kobold_castle, uniq_pikel

Skill      XL: |  1  2  3  4  5  6  7 |
---------------+----------------------+-----
Dodging        | 1 2 3 |  3.5
Long Blades    | 3 4 5 6 |  6.0
Shields        | 4 5 |  5.1
Armour         | 4 |  4.9
Fighting       | 4 5 |  5.1

Action                   |  1- 3 |  4- 6 |  7- 9 || total
-------------------------+-------+-------+-------++-------
Melee: Long sword        |    52 |   100 |    58 ||   210
       Headbutt          |     4 |    22 |    13 ||    39
  Use: Potion            |       |       |     2 ||     2
  Eat: Chunk             |       |     3 |     1 ||     4
Armor: Scale mail        |    25 |    35 |    18 ||    78
       Skin              |       |       |     3 ||     3
Dodge: Dodged            |     9 |    30 |    22 ||    61
Block: Shield            |    22 |    52 |    38 ||   112
